 Dungeon Crawl Stone Soup version 0.31-a0-931-g7b59d4eb97 (webtiles) character file.

Game seed: 15821941618577822015

166651 Shard1697 the Devastator (level 16, -1/123 HPs)
             Began as a Demigod Conjurer on Aug 8, 2023.
             Shot with a bolt by a naga sharpshooter (21 damage)
             ... on level 4 of the Snake Pit on Oct 20, 2023.
             The game lasted 01:43:29 (39929 turns).

Shard1697 the Devastator (Demigod Conjurer)        Turns: 39929, Time: 01:43:29

Health: -1/123     AC: 27    Str: 16    XL:     16   Next: 75%
Magic:  19/41      EV: 15    Int: 40    God:
Gold:   95         SH: 10    Dex:  9    Spells: 6/31 levels left

rFire   . . .        a - +7 broad axe (elec)
rCold   . . .        m - +0 buckler
rNeg    + . .        V - +7 pearl dragon scales
rPois   .            E - +2 helmet
rElec   .            X - +2 cloak {rCorr}
rCorr   +            s - +1 pair of gloves
SInv    .            C - +0 pair of boots
Will    ++++.        q - amulet of reflection
Stlth   +            T - ring "Omad" {Will+ EV+5 Int+6}
HPRegen 0.40/turn    z - ring of Xoewop {Will++ MP+9 Int+4 Dex-3}
MPRegen 0.27/turn

%: reflection
@: very slightly contaminated, hasted, studying Ice Magic, very quick
A: high MP 1, forlorn, divine attributes, dopey 1
a: no special abilities


You were on level 4 of the Snake Pit.
You visited 4 branches of the dungeon, and saw 26 of its levels.
You also visited: Bailey, Gauntlet and Ice Cave.

You collected 2571 gold pieces.
You spent 2476 gold pieces at shops.

Inventory:

Hand Weapons
 a - a +7 broad axe of electrocution (weapon)
Armour
 m - a +0 buckler (worn)
 s - a +1 pair of gloves (worn)
 C - a +0 pair of boots (worn)
 E - a +2 helmet (worn)
 R - a +2 cloak of willpower
 V - +7 pearl dragon scales (worn)
 W - a +0 kite shield of reflection
 X - a +2 cloak of preservation (worn)
Magical Staves
 b - a staff of conjuration
Jewellery
 f - a ring of wizardry
 q - an amulet of reflection (around neck)
 t - the ring "Inuotir" {rC+ rCorr Str+6 Int-2 Dex+6}
   (You found it on level 10 of the Dungeon)

   [ring of strength]

   Str+6:     It affects your strength (+6).
   Int-2:     It affects your intelligence (-2).
   Dex+6:     It affects your dexterity (+6).
   rC+:       It protects you from cold.
   rCorr:     It protects you from acid and corrosion.
 z - the ring of Xoewop (right hand) {Will++ MP+9 Int+4 Dex-3}
   (You found it on level 10 of the Dungeon)

   [ring of magical power]

   Int+4:     It affects your intelligence (+4).
   Dex-3:     It affects your dexterity (-3).
   Will++:    It greatly increases your willpower.
   MP+9:      It affects your magic capacity (+9).
 A - an amulet of regeneration
 F - the ring "Trusted Companion" {Contam Fly rPois Slay+4}
   (You found it on level 14 of the Dungeon)

   [ring of flight]

   Slay+4:    It affects your accuracy & damage with ranged weapons and melee
   (+4).
   rPois:     It protects you from poison Fly: It grants you flight.
   Contam:    It causes magical contamination when unequipped.
 J - the ring "Uxemp" {rF+ Will+ Dex+6}
   (You found it on level 2 of the Snake Pit)

   [ring of dexterity]

   Dex+6:     It affects your dexterity (+6).
   rF+:       It protects you from fire.
   Will+:     It increases your willpower.
 T - the ring "Omad" (left hand) {Will+ EV+5 Int+6}
   (You found it in a Gauntlet)

   [ring of evasion]

   EV+5:      It affects your evasion (+5).
   Int+6:     It affects your intelligence (+6).
   Will+:     It increases your willpower.
 U - the ring "Peicinacy" {rN+ rCorr Int-2 Stlth+}
   (You took it off a minotaur in a Gauntlet)

   [ring of positive energy]

   Int-2:     It affects your intelligence (-2).
   rN+:       It protects you from negative energy.
   rCorr:     It protects you from acid and corrosion.
   Stlth+:    It makes you more stealthy.
Wands
 v - a wand of roots (20)
 D - a wand of digging (7)
 H - a wand of mindburst (28)
 O - a wand of paralysis (22)
 Y - a wand of acid (8)
Scrolls
 j - 9 scrolls of teleportation
 l - 5 scrolls of vulnerability
 n - 5 scrolls of poison
 p - 4 scrolls of silence
 x - 2 scrolls of revelation
 K - 2 scrolls of amnesia
 L - 4 scrolls of fog
 P - 12 scrolls of identify
Potions
 c - a potion of heal wounds
 d - 2 potions of might
 e - a potion of curing
 g - 5 potions of ambrosia
 h - 4 potions of brilliance
 k - 4 potions of enlightenment
 o - 6 potions of haste
 w - a potion of berserk rage
 B - 4 potions of magic
 G - 4 potions of attraction
 I - 6 potions of lignification
 Q - 2 potions of mutation
Miscellaneous
 y - a phantom mirror
 M - a phial of floods
 Z - a sack of spiders


   Skills:
 + Level 6.2 Fighting
 + Level 10.1 Axes
 - Level 2.6 Armour
 - Level 7.8 Dodging
 - Level 6.0 Stealth
 + Level 6.2 Shields
 - Level 8.0 Spellcasting
 - Level 15.6 Conjurations
 - Level 4.9 Hexes
 - Level 4.0 Translocations
 - Level 12.8 Fire Magic
 - Level 11.0 Earth Magic


You had 6 spell levels left.
You knew the following spells:

 Your Spells              Type           Power      Damage    Failure   Level
a - Searing Ray           Conj           100%       2d8       1%          2
b - Blink                 Tloc           96%        N/A       3%          2
d - Iskenderun's Mystic   Conj/Tloc      76%        2d15      2%          4
e - Fulminant Prism       Conj/Hex       39%        3d17      1%          4
f - Starburst             Conj/Fire      46%        6d13      6%          6
g - Bombard               Conj/Erth      44%        9d8       9%          6
h - Magic Dart            Conj           100%       1d8       1%          1

Your spell library contained the following spells:

 Spells                   Type           Power      Damage    Failure   Level
 Shock                    Conj/Air       100%       1d9       1%          1
 Momentum Strike          Conj/Tloc      100%       3d10      1%          2
 Dazzling Flash           Conj/Hex       100%       N/A       1%          3
 Inner Flame              Hex/Fire       72%        N/A       1%          3
 Volatile Blastmotes      Fire/Tloc      100%       2d18      1%          3
 Sticky Flame             Conj/Fire      92%        2d10      1%          4
 Iskenderun's Battlesphe  Conj           96%        2d14      1%          5
 Apportation              Tloc           96%        N/A       2%          1
 Lesser Beckoning         Tloc           96%        N/A       3%          2
 Lee's Rapid Deconstruct  Erth           40%        3d20*     3%          5
 Mephitic Cloud           Conj/Pois/Air  55%        N/A       4%          3
 Leda's Liquefaction      Hex/Erth       34%        N/A       4%          4
 Ignite Poison            Fire/Tmut/Pois 50%        N/A       7%          3
 Gell's Gravitas          Tloc           48%        N/A       8%          3
 Teleport Other           Tloc           48%        N/A       8%          3
 Necrotise                Necr           64%        1d7       13%         1
 Summon Small Mammal      Summ           64%        N/A       13%         1
 Animate Armour           Summ/Erth      100%       N/A       13%         4
 Petrify                  Tmut/Erth      56%        N/A       13%         4
 Poisonous Vapours        Pois/Air       32%        N/A       19%         2
 Sublimation of Blood     Necr           16%        N/A       19%         2
 Passage of Golubria      Tloc           48%        N/A       24%         4
 Frozen Ramparts          Ice            32%        1d5       36%         3
 Swiftness                Air            16%        N/A       36%         3
 Freezing Cloud           Conj/Ice/Air   27%        6-21      38%         5
 Airstrike                Air            8%         2d(2-18)  77%         4
 Animate Dead             Necr           16%        N/A       77%         4
 Summon Lightning Spire   Summ/Air       16%        N/A       77%         4
 Metabolic Englaciation   Hex/Ice        17%        N/A       78%         5
 Silence                  Hex/Air        17%        N/A       78%         5
 Yara's Violent Unravell  Hex/Tmut       17%        3d8       78%         5
 Summon Forest            Summ/Tloc      16%        N/A       83%         5
 Dispersal                Tloc           24%        N/A       98%         6
 Eringya's Noxious Bog    Tmut/Pois      8%         4d6       100%        6
 Simulacrum               Ice/Necr       8%         N/A       100%        6
 Lehudib's Crystal Spear  Conj/Erth      44%        10d11     98%         8
 Spellforged Servitor     Conj/Summ      34%        N/A       99%         7
 Ignition                 Fire           43%        3d13      99%         8
 Enfeeble                 Hex            26%        N/A       100%        7
 Monstrous Menagerie      Summ           8%         N/A       100%        7
 Ozocubu's Refrigeration  Ice            8%         4d9       100%        7
 Infestation              Necr           8%         N/A       100%        8
 Maxwell's Capacitive Co  Air            8%         ∞         100%        8
 Polar Vortex             Ice            8%         12d1*     100%        9


Dungeon Overview and Level Annotations

Branches:
Dungeon (15/15)            Temple (0/1) D:4            Lair (5/5) D:8
  Swamp (0/4) Lair:3        Snake (4/4) Lair:2        Slime (0/5) Lair:5
    Orc (2/2) D:11            Elf (0/3) Orc:2        Vaults (0/5) D:13
 Depths (0/4) D:15         Bailey (visited)           IceCv (visited)
Gauntlet (visited)

Shops:
D:3 [   D:5 (   D:6 *   D:12 (:(   D:14 =   Orc:1 :   Orc:2 ::(*[   Snake:1 =
Snake:2 ?((**   Snake:3 =**=(?

Portals:
Trove: D:12 (give 12 potions of heal wounds)

Annotations:
D:10 2 transporters, lessens's ghost, journeyman DsFi
Snake:1 Aizul


Innate Abilities, Weirdness & Mutations

You have an increased reservoir of magic. (+10% MP)
You shall have no god before yourself.
Your divine heritage dramatically boosts your attributes as you level up.
You are dopey. (Int -2)


Message History

* * * LOW HITPOINT WARNING * * *
The anaconda simulacrum constricts you.
A salamander comes into view. It is wielding a +0 halberd.
A salamander comes into view.
Okay, then.
Casting: Starburst (dangerous; 6% risk of failure)
Confirm with . or Enter, or press ? or * to list all spells.
Casting: Starburst (dangerous; 6% risk of failure)
Press: ? - help, Dir - look around, f - activate The bolt of fire hits the black mamba!!!
You kill the black mamba!
The bolt of fire misses the anaconda simulacrum.
You feel sick.
The anaconda simulacrum bites you but does no damage.
The anaconda simulacrum constricts you.
You block the anaconda simulacrum's attack.
The anaconda simulacrum constricts you.
Casting: Starburst (dangerous; 6% risk of failure)
Confirm with . or Enter, or press ? or * to list all spells.
Casting: Starburst (dangerous; 6% risk of failure)
Press: ? - help, Dir - look around, f - activate The bolt of fire hits the anaconda simulacrum!!!!
The anaconda simulacrum melts!
The anaconda simulacrum vaporises!
You hear a sizzling sound!
You feel sick.
The salamander wields a +4 shortbow of flaming.
It bursts into flame!
The salamander shoots an arrow.
The arrow barely misses you.
You feel better.
The salamander shoots an arrow.
The arrow hits you.
* * * LOW HITPOINT WARNING * * *
The arrow burns you.
* * * LOW HITPOINT WARNING * * *
You block the salamander's attack.
You feel yourself speed up.
The salamander hits you but does no damage.
The naga sharpshooter mumbles some strange words.
The naga sharpshooter magically shoots a bolt.
The bolt hits you!!
You die...

*** ****,* *,,,,* **#*****
**,**,* ##########.,,,,,,
*,,,*,***** #.#...,...,,,,,,,
***,*,,,,,* #.#.###.##,,,,,,,
*,*,,**,* #........#,,,,,,,
*,*,,,*.#######.##.....##+#.***
***,*,,,,.......@.NZN.N....N..,,,
*,,,*,,,,.#########N.....##...,,*
*,,,,,,,,,,,,*** #....N..####*,*
*,,,*****,,,,,,* #.##.N......,,*
*,,,* ****,*,***#...<#..####***
,,,,*** *,*,,,,####S#.#...,*,,
,,,,,,* *,***,,,,,.§#.##.#.*,,
,,,,,,* *,~~~~~~~§§S≈§≈§.#,,,,
**,,,,* **~~~~~~~≈§§§≈≈≈§~≈**,,


You could see a naga sharpshooter, a salamander mystic, 4 salamanders and a
lindwurm simulacrum.

Vanquished Creatures
  2 liches (D:14)
  Agnes (Snake:3)
  3 nagarajas (Snake:3)
  Donald (Orc:2)
  2 orc warlords
  3 reapers (IceCv)
  A minotaur (Gauntlet)
  A deep elf annihilator (D:14)
  A dire elephant (Lair:5)
  An ettin (shapeshifter) (D:14)
  3 fire dragons
  2 ettins
  Erolcha (Orc:2)
  4 hydras
  10 vault guards
  2 caustic shrike simulacra (IceCv)
  An ogre mage (D:15)
  2 catoblepae
  5 centaur warriors
  2 rakshasas
  Erica (D:10)
  7 anacondas
  3 death knights
  9 naga warriors
  A boulder beetle (Lair:3)
  6 two-headed ogres
  4 death yaks (Lair:5)
  2 deep troll earth magi (D:14)
  4 tengu warriors
  14 naga sharpshooters
  5 shock serpents
  4 orc high priests (Orc:2)
  5 skeletal warriors (D:14)
  Sonja (Lair:1)
  A salamander mystic (Snake:3)
  3 deep trolls (D:15)
  3 phantasmal warriors
  3 bog bodies (IceCv)
  An occultist (D:15)
  2 spriggan simulacra (IceCv)
  3 naga ritualists
  2 obsidian statues (IceCv)
  A swamp dragon (Lair:5)
  Pikel (D:8)
  7 orc knights
  4 deep elf pyromancers
  6 orc sorcerers
  5 mana vipers
  3 ugly things
  4 manticores
  A necromancer (D:15)
  10 salamanders
  7 cyclopes
  3 elephants (Lair:5)
  29 black mambas
  11 cane toads
  14 naga magi
  A torpor snail (Lair:5)
  An eye of devastation (Gauntlet)
  2 gargoyles (D:13)
  4 rime drakes
  A kobold demonologist (D:13)
  4 komodo dragons
  6 freezing wraiths
  2 anaconda simulacra
  An ice devil (IceCv)
  4 golden dragon simulacra (IceCv)
  A queen bee (shapeshifter) (D:14)
  4 trolls
  12 polar bears
  A meliai (D:13)
  3 hornets (Gauntlet)
  3 raiju (Lair:5)
  Prince Ribbit (Bailey)
  An alligator simulacrum (Snake:4)
  10 blink frogs
  7 dream sheep (Lair:5)
  A slime creature (D:10)
  5 shadows
  2 centaur simulacra (D:14)
  A spriggan (Lair:5)
  A wyvern (D:8)
  3 dire elephant simulacra (Snake:4)
  4 basilisks
  60 yaks
  3 wraiths
  7 humans (Bailey)
  A golden eye (Gauntlet)
  9 wargs
  4 steam dragons
  Grum (D:11)
  17 vampire mosquitoes
  A minotaur simulacrum (IceCv)
  35 nagas
  10 water moccasins
  12 hell hounds (Lair:5)
  3 acid dragons
  2 hydra simulacra (IceCv)
  2 swamp drakes (Lair:5)
  3 sky beasts (D:8)
  A black bear (shapeshifter) (D:13)
  13 black bears
  32 orc warriors
  2 ice beasts
  8 ogres
  22 wolves
  A boggart (D:10)
  2 centaurs
  A lemure (D:8)
  A phantom (D:5)
  12 bullfrogs
  A gnoll sergeant (Orc:1)
  A deep troll simulacrum (Snake:4)
  5 scorpions
  8 wights
  15 killer bees
  2 lindwurm simulacra
  5 howler monkeys
  5 electric eels
  16 orc priests
  6 hounds
  A sleepcap (D:7)
  11 iguanas
  31 orc wizards
  7 gnolls
  6 adders
  A shadow imp (D:8)
  2 white imps
  A worm (D:4)
  A dart slug (D:4)
  56 orcs
  A bat (D:1)
  6 endoplasms
  A giant cockroach (D:1)
  12 goblins
  5 hobgoblins
  9 jackals
  7 kobolds
  6 quokkas
  5 ball pythons
  3 frilled lizards
  6 rats
  A fulminant prism (D:15)
832 creatures vanquished.

Vanquished Creatures (others)
  A basilisk (Lair:5)
  An orc (Orc:2)
  A butterfly (D:8)
  327 fulminant prisms
330 creatures vanquished.

Grand Total: 1162 creatures vanquished

Notes
Turn   | Place    | Note
-------+----------+-------------------------------------------
     0 | D:1      | Shard1697 the Demigod Conjurer began the quest for the Orb.
     0 | D:1      | Reached XP level 1. HP: 14/14 MP: 5/5
   375 | D:1      | Reached XP level 2. HP: 20/20 MP: 2/7
   499 | D:1      | Reached skill level 4 in Conjurations
   594 | D:1      | Learned a level 2 spell: Searing Ray
  1367 | D:2      | Reached XP level 3. HP: 26/26 MP: 2/9
  1487 | D:2      | You fall into a shaft and drop 1 floor!
  2269 | D:3      | Found Ytimpelo's Antique Armour Emporium.
  2273 | D:3      | Bought a sheer robe for 131 gold pieces
  2273 | D:3      | Identified the +1 robe of Ceedwott {rPois MP+9 Dex+2} (You
                  | bought it in a shop on level 3 of the Dungeon)
  2754 | D:4      | Reached XP level 4. HP: 33/33 MP: 10/10
  2759 | D:4      | Reached skill level 5 in Conjurations
  2858 | D:4      | Found a staircase to the Ecumenical Temple.
  2890 | D:4      | Reached XP level 5. HP: 38/38 MP: 12/12
  2898 | D:4      | Learned a level 4 spell: Fulminant Prism
  3320 | D:4      | Reached skill level 1 in Hexes
  3952 | D:5      | Entered Level 5 of the Dungeon
  3982 | D:5      | Noticed a water moccasin
  4006 | D:5      | Reached XP level 6. HP: 25/45 MP: 11/14
  4088 | D:5      | Killed a water moccasin
  4089 | D:5      | Reached skill level 6 in Conjurations
  4646 | D:5      | Reached XP level 7. HP: 50/50 MP: 15/15
  4911 | D:5      | Found Bublaef's Antique Weapon Boutique.
  4917 | D:5      | Learned a level 4 spell: Sticky Flame
  5302 | D:6      | Reached skill level 1 in Fire Magic
  5585 | D:6      | Found Xeyqif's General Store.
  5590 | D:6      | Bought 2 potions of haste for 260 gold pieces
  5867 | D:6      | Reached skill level 7 in Conjurations
  5970 | D:6      | Reached XP level 8. HP: 39/57 MP: 17/17
  6864 | D:7      | Learned a level 4 spell: Iskenderun's Mystic Blast
  6891 | D:7      | Reached skill level 8 in Conjurations
  7565 | D:8      | Reached skill level 5 in Spellcasting
  7572 | D:8      | Noticed Pikel
  7585 | D:8      | Killed Pikel
  7586 | D:8      | Reached skill level 5 in Fire Magic
  7586 | D:8      | Reached XP level 9. HP: 31/62 MP: 5/20
  7841 | D:8      | Reached skill level 9 in Conjurations
  8456 | D:8      | Found a staircase to the Lair.
  8602 | D:8      | Learned a level 2 spell: Blink
  8833 | D:9      | Reached skill level 1 in Translocations
  9457 | D:10     | Entered Level 10 of the Dungeon
  9470 | D:10     | Noticed Erica
  9488 | D:10     | Killed Erica
  9511 | D:10     | Noticed a centaur warrior
  9514 | D:10     | Noticed lessens's ghost (journeyman DsFi)
  9516 | D:10     | Noticed a deep elf pyromancer
  9566 | D:10     | Found a transporter.
  9623 | D:10     | Identified the ring "Inuotir" {rC+ rCorr Str+6 Int-2 Dex+6}
  9713 | D:10     | Reached XP level 10. HP: 56/69 MP: 22/22
  9733 | D:10     | Identified the ring of Xoewop {Will++ MP+9 Int+4 Dex-3}
  9828 | D:10     | Found a flagged portal.
  9849 | D:10     | Noticed a cyclops
  9851 | Bailey   | Entered a bailey
  9907 | Bailey   | Reached skill level 10 in Conjurations
 10121 | Bailey   | Noticed a vault guard
 10121 | Bailey   | Noticed Prince Ribbit
 10132 | Bailey   | Killed Prince Ribbit
 10133 | Bailey   | Killed a vault guard
 10198 | Bailey   | Noticed a vault guard
 10215 | Bailey   | Killed a vault guard
 10376 | D:10     | Killed a cyclops
 10470 | D:10     | Found a transporter.
 10590 | D:10     | Noticed a cyclops
 10600 | D:10     | Killed a cyclops
 10601 | D:10     | Reached skill level 11 in Conjurations
 10820 | D:10     | Got the Almanac of the Cooperative Wyrd
 10914 | D:10     | Reached XP level 11. HP: 23/74 MP: 25/25
 11440 | D:11     | Noticed Grum
 11443 | D:11     | Killed Grum
 11446 | D:11     | Found a staircase to the Orcish Mines.
 11890 | Lair:1   | Entered Level 1 of the Lair of Beasts
 12008 | Lair:1   | Noticed a catoblepas
 12034 | Lair:1   | Killed a catoblepas
 12408 | Lair:1   | Noticed Sonja
 12419 | Lair:1   | Killed Sonja
 12883 | Lair:2   | Found a gate leading to a gauntlet.
 12896 | Lair:2   | Reached skill level 5 in Stealth
 12914 | Gauntlet | Entered a Gauntlet
 12914 | Gauntlet | Found a transporter.
 12914 | Gauntlet | Found a runed translucent door.
 12914 | Gauntlet | Found a transporter.
 12915 | Gauntlet | Found a runed translucent door.
 12915 | Gauntlet | Noticed a sixfirhy
 12916 | Gauntlet | Found a transporter.
 12916 | Gauntlet | Found a transporter.
 12920 | Gauntlet | Found a transporter.
 12920 | Gauntlet | Found a transporter.
 12950 | Gauntlet | Found a transporter.
 12950 | Gauntlet | Found a transporter.
 12961 | Gauntlet | Found a transporter.
 12971 | Gauntlet | Noticed a great orb of eyes
 12974 | Gauntlet | Found a transporter.
 12988 | Gauntlet | Found a transporter.
 12992 | Gauntlet | Found a transporter.
 12996 | Gauntlet | Noticed a tengu warrior
 13072 | Gauntlet | Found a runed translucent door.
 13238 | Gauntlet | Reached skill level 10 in Fire Magic
 13241 | Gauntlet | Reached skill level 5 in Dodging
 13295 | Gauntlet | Identified the ring "Omad" {Will+ EV+5 Int+6}
 13338 | Gauntlet | Identified the ring "Peicinacy" {rN+ rCorr Int-2 Stlth+}
 13338 | Gauntlet | Noticed a minotaur
 13360 | Gauntlet | Killed a minotaur
 13593 | Gauntlet | Identified the +7 flail of Taxation {flame, rPois rF- Int+5
                  | Dex+2}
 13699 | Lair:2   | Found a staircase to the Snake Pit.
 13954 | Lair:2   | Reached skill level 1 in Axes
 13954 | Lair:2   | Reached XP level 12. HP: 70/81 MP: 26/26
 15065 | Lair:3   | Reached skill level 5 in Axes
 15200 | Lair:3   | Noticed a boulder beetle
 15828 | Lair:3   | Found a staircase to the Swamp.
 15941 | Lair:3   | Killed a boulder beetle
 17112 | Lair:4   | Reached skill level 1 in Shields
 17431 | Lair:5   | Entered Level 5 of the Lair of Beasts
 17639 | Lair:5   | Noticed a four-headed hydra
 17653 | Lair:5   | Killed a four-headed hydra
 17747 | Lair:5   | Reached XP level 13. HP: 86/86 MP: 17/27
 18068 | Lair:5   | HP: 4/86 [seven-headed hydra (7)]
 18070 | Lair:5   | Noticed a dire elephant
 18490 | Lair:5   | Killed a dire elephant
 18491 | Lair:5   | Reached skill level 1 in Fighting
 19158 | Lair:5   | Reached skill level 5 in Shields
 19337 | Lair:5   | Reached skill level 1 in Armour
 19475 | Lair:5   | Got the Catalogue of Malediction and Malignant Magic
 19839 | Lair:5   | Found a staircase to the Slime Pits.
 20353 | Lair:5   | Learned a level 6 spell: Starburst
 20699 | Orc:1    | Entered Level 1 of the Orcish Mines
 20699 | Orc:1    | Found Eqekac's Book Emporium.
 20723 | Orc:1    | Noticed an orc warlord
 20996 | Orc:1    | Killed an orc warlord
 21139 | Orc:1    | Bought the Papyrus of Formation for 532 gold pieces
 21258 | Orc:2    | Entered Level 2 of the Orcish Mines
 21631 | Orc:1    | Reached XP level 14. HP: 58/105 MP: 24/29
 21763 | Orc:2    | Noticed an orc warlord
 22065 | Orc:2    | Found Zuan's Book Emporium.
 22067 | Orc:2    | Noticed Donald
 22083 | Orc:2    | Killed Donald
 22222 | Orc:2    | Reached skill level 12 in Conjurations
 22344 | Orc:2    | Bought a book of the Moon for 600 gold pieces
 22369 | Orc:2    | Noticed Erolcha
 22375 | Orc:2    | Killed Erolcha
 22514 | Orc:2    | Found a staircase to the Elven Halls.
 23369 | Orc:2    | Gained mutation: You are dopey. (Int -2) [a neqoxec]
 23677 | Orc:2    | Killed an orc warlord
 23747 | Orc:2    | Found Kosuv's General Store.
 23748 | Orc:2    | Found Sugudd's Book Shoppe.
 23750 | Orc:2    | Found Tusk's Antique Armour Emporium.
 23750 | Orc:2    | Found Guwacs's Antique Weapon Emporium.
 23952 | D:12     | Found Cupsa's Antique Weapon Boutique.
 23952 | D:12     | Found Hirag's Book Boutique.
 23952 | D:12     | Found Zifoz's Antique Weapon Boutique.
 24263 | D:12     | Bought a book of Power for 462 gold pieces
 24566 | D:12     | Identified the +0 robe of the Engineer {rF+ Will+ SInv
                  | Archmagi}
 24657 | D:12     | Found a portal to a secret trove of treasure.
 25424 | D:13     | Reached skill level 13 in Conjurations
 26177 | D:13     | Found a gate to the Vaults.
 26953 | D:14     | Learned a level 6 spell: Bombard
 27377 | D:14     | Found Fegroeg's Jewellery Shop.
 27574 | D:14     | Reached XP level 15. HP: 85/112 MP: 29/31
 27922 | D:14     | Reached skill level 1 in Earth Magic
 27970 | D:14     | Got the Quarto of the Glowing Tropics
 27989 | D:14     | Identified the ring "Trusted Companion" {Contam Fly rPois
                  | Slay+4}
 28036 | D:14     | Noticed a lich
 28044 | D:14     | Killed a lich
 28312 | D:14     | Noticed a lich
 28315 | D:14     | Killed a lich
 28662 | D:6      | Bought a scroll of amnesia for 52 gold pieces
 28855 | D:15     | Entered Level 15 of the Dungeon
 29037 | D:15     | Reached skill level 14 in Conjurations
 29398 | D:15     | Reached skill level 5 in Earth Magic
 30917 | D:15     | Found a staircase to the Depths.
 31389 | Snake:1  | Entered Level 1 of the Snake Pit
 32705 | Snake:1  | Noticed Aizul
 33076 | Snake:1  | Found Opra's Jewellery Shoppe.
 33914 | Snake:2  | Found Vockevaq's Magic Scroll Boutique.
 33939 | Snake:2  | Bought a scroll of enchant weapon for 142 gold pieces
 33976 | Snake:2  | Found Zekiabb's Assorted Antiques.
 33999 | Snake:2  | Bought a brightly glowing jade ring for 170 gold pieces
 33999 | Snake:2  | Identified the ring "Tobigup" {Str+6 SInv} (You bought it
                  | in a shop on level 2 of the Snake Pit)
 34004 | Snake:2  | Found Hicewanu's General Store.
 34166 | Snake:2  | Found Maoror's Weapon Shoppe.
 34168 | Snake:2  | Identified the ring "Uxemp" {rF+ Will+ Dex+6}
 34530 | Snake:2  | Reached skill level 15 in Conjurations
 34530 | Snake:2  | Reached XP level 16. HP: 63/118 MP: 21/32
 34886 | Snake:2  | Found Puecuonn's Weapon Shop.
 35003 | Snake:2  | Identified the +0 ring mail "Vaategy" {rC+ Int+3 Dex-5
                  | Stlth+}
 35813 | Snake:2  | Upgraded the game from 0.31-a0-486-g8d68a81214 to
                  | 0.31-a0-931-g7b59d4eb97
 36231 | Snake:3  | Reached skill level 10 in Earth Magic
 36599 | Snake:3  | Found Fyekle's Antique Weapon Emporium.
 36602 | Snake:3  | Found Zuanumesm's Jewellery Emporium.
 36602 | Snake:3  | Found Ruesur's General Store.
 36936 | Snake:3  | Found Qoes Xud's General Store.
 37310 | Snake:3  | Found Foede's Magic Scroll Emporium.
 37316 | Snake:3  | Bought a scroll of enchant weapon for 127 gold pieces
 37968 | Snake:3  | Noticed Agnes
 37975 | Snake:3  | Killed Agnes
 38066 | Snake:3  | Reached skill level 5 in Fighting
 38095 | Snake:3  | Found Umu Raohokk's Jewellery Shoppe.
 38977 | Snake:4  | Entered Level 4 of the Snake Pit
 39016 | Snake:4  | Found a frozen archway.
 39027 | IceCv    | Entered an ice cave
 39658 | IceCv    | Reached skill level 10 in Axes
 39667 | IceCv    | Identified the +7 morningstar of the Iron City of Dis
                  | {drain, rC+}
 39929 | Snake:4  | Shot with a bolt by a naga sharpshooter

Illustrated notes

Levels and vault maps discovered:
D:1:      dreamdust_arrival_sigmund_warning, layout_loops_corners,
          minmay_misc_feat_diagonals, minmay_strange_pillars
D:2:      layout_loops_ring, kennysheep_generic_room_10
D:3:      layout_basic, serial_shops, shop
D:4:      layout_basic, minmay_temple_entry_overgrown, hangedman_decor_slide_cut
D:5:      layout_loops_corners, nicolae_take_the_stairs
D:6:      layout_basic, serial_shops, nicolae_square_shop, serial_bayou_lake_a
D:7:      layout_loops_ring, nzn_wu_jian_council_hall,
          mainiacjoe_overflow_big_doors, tso_altar
D:8:      layout_gridville, nicolae_elyvilon_peaceful_grove, lair_entry_dummy,
          hangedman_misty_isle, uniq_pikel
D:9:      layout_long_grid
D:10:     minmay_wavy_crystal, layout_irregular_city, cheibriados_altar_1,
          gammafunk_ghost_arena, enter_bailey_5,
          hangedman_abyss_or_decor_lesser_grid, minmay_sticks_and_stones,
          uniq_erica
D:11:     layout_rooms, orc_0_dummy, uniq_grum
D:12:     layout_small_grid, trove_entry_hex_spiral,
          nicolae_shop_distant_corner_stores
D:13:     minmay_general_purpose_star, layout_layer_cave, erik_vaults_2,
          corexii_leaking_fountain
D:14:     minmay_the_grid_plus [minmay_the_grid_tree, minmay_the_grid_tri_star,
          minmay_the_grid_outer_circle, minmay_the_grid_broken_lines,
          minmay_the_grid_prize_diamond_cup], layout_long_grid, serial_shops,
          nicolae_shop_getting_attention, minmay_misc_feat_five
D:15:     hangedman_depths_entry_civil_slaughter, layout_cave_pools,
          minmay_misc_feat_ornament, doesnt_xom_only_xom
Lair:1:   layout_loops_ring, fungi_pond_lemuel, lemuel_fruit_fields, uniq_sonja
Lair:2:   layout_regular_city, alex1729_snake_entry_snake,
          gauntlet_entry_generic, serial_rivers, chequers_serial_rivers_room_b,
          chequers_serial_rivers_room_b, chequers_serial_rivers_room_a,
          chequers_serial_rivers_room_b, chequers_serial_rivers_small_a,
          chequers_serial_rivers_micro_d
Lair:3:   layout_loops_ring, swamp_mist, grunt_forest_small_clearing_treed,
          lemuel_fruit_fields, grunt_megastairs_2, infiniplex_staircase_pool_2,
          lemuel_fruit_fields, lemuel_fruit_tree, serial_bayou_shore_a
Lair:4:   layout_cave_pods, eino_small_chamber_without_monster,
          cheibrodos_lair_lostbears
Lair:5:   guppyfry_lair_end_dragon, layout_hall_layers,
          hangedman_lair_caniforms_friends, slime_entry_1, wad_woods_06,
          grunt_forest_large_clearing_hut
Snake:1:  layout_basic, serial_shops, nicolae_shop_trees, uniq_aizul
Snake:2:  nicolae_snake_hallway, layout_onion, serial_shops, shop, shop, shop,
          shop, nicolae_shop_rolling_square
Snake:3:  layout_chambers, serial_shops, nicolae_stop_n_shop_1,
          nicolae_shop_peninsula, minmay_shoptagon, grunt_megastairs_5,
          uniq_agnes
Snake:4:  hellmonk_snake_rune_quicksilver_temple, layout_basic,
          portal_ice_cave_entry_ice_simulacra
Orc:1:    layout_caves, serial_shops, shop
Orc:2:    st_orc_congregation, layout_caves, serial_shops, shop, uniq_donald,
          uniq_erolcha

Skill      XL: |  1  2  3  4  5  6  7  8  9 10 11 12 13 14 15 16 |
---------------+-------------------------------------------------+-----
Spellcasting   | 2 3 4 5 6 7 8 |  8.0
Conjurations   | 4 5 6 7 8 9 11 13 15 | 15.6
Hexes          | 1 2 4 |  4.9
Fire Magic     | 2 5 6 8 10 12 | 12.8
Translocations | 2 4 |  4.0
Dodging        | 5 7 |  7.8
Stealth        | 6 |  6.0
Axes           | 1 7 9 10 | 10.1
Shields        | 2 5 6 |  6.2
Fighting       | 4 6 |  6.2
Armour         | 2 |  2.6
Earth Magic    | 9 11 | 11.0

Action                     |  1- 3 |  4- 6 |  7- 9 | 10-12 | 13-15 | 16-18 || total
---------------------------+-------+-------+-------+-------+-------+-------++-------
  Melee: Flail             |    13 |     2 |       |       |       |       ||    15
         Long sword        |       |     7 |    13 |       |       |       ||    20
         Punch             |       |       |     2 |     1 |       |       ||     3
         Staff             |       |       |    40 |    74 |       |       ||   114
         Broad axe         |       |       |       |    11 |   529 |   222 ||   762
   Cast: Magic Dart        |    71 |    26 |    21 |    28 |     1 |       ||   147
         Searing Ray       |     5 |    17 |    24 |    19 |     4 |       ||    69
         Fulminant Prism   |       |       |    16 |    84 |   206 |    22 ||   328
         Sticky Flame      |       |       |    25 |    86 |   101 |       ||   212
         Iskenderun's Myst |       |       |     1 |     4 |    28 |       ||    33
         Starburst         |       |       |       |       |    83 |    73 ||   156
         Blink             |       |       |       |       |     1 |       ||     1
         Bombard           |       |       |       |       |       |    17 ||    17
    Use: Scroll            |       |       |    20 |     8 |    16 |     5 ||    49
         Potion            |       |       |       |     2 |    13 |     3 ||    18
   Stab: Distracted        |       |       |       |       |     1 |       ||     1
         Petrified         |       |       |       |       |     1 |       ||     1
         Sleeping          |       |       |       |       |       |     1 ||     1
 Armour: Robe              |     6 |     7 |    33 |    29 |       |       ||    75
         Pearl dragon scal |       |       |       |    52 |   573 |   226 ||   851
  Dodge: Dodged            |    26 |    11 |    81 |   223 |   719 |   239 ||  1299
         Repelled          |       |       |     1 |     1 |       |       ||     2
  Block: Buckler           |       |       |       |     3 |   248 |   208 ||   459
         Reflection        |       |       |       |       |     5 |    15 ||    20

Table legend: (Time is in decaauts)
 A = Elapsed time spent in this place.
 B = Non-inter-level travel time spent in this place.
 C = Inter-level travel time spent in this place.
 D = Time resting spent in this place.
 E = Time spent auto-exploring this place.
 F = Levels seen in this place.
 G = Mean time per level.
                   A        B        C        D        E       F      G
               +--------+--------+--------+--------+--------+-----+--------+
         Total |  40228 |  38077 |   2151 |  11935 |  18795 |  29 | 1387.2 |
       Dungeon |  19297 |  17674 |   1623 |   4124 |  10481 |  15 | 1286.5 |
          Lair |   8153 |   7780 |    373 |   2281 |   3951 |   5 | 1630.6 |
     Snake Pit |   7696 |   7598 |     98 |   3216 |   3024 |   4 | 1924.0 |
  Orcish Mines |   3009 |   2953 |     56 |   1386 |    949 |   2 | 1504.5 |
        Bailey |    504 |    504 |      0 |    215 |    118 |   1 |  504.0 |
      Ice Cave |    902 |    902 |      0 |    418 |    231 |   1 |  902.0 |
      Gauntlet |    665 |    665 |      0 |    295 |     41 |   1 |  665.0 |
               +--------+--------+--------+--------+--------+-----+--------+

Top non-repeatable levels by time:
 Snake:3: 2877 daAuts
  Lair:5: 2649 daAuts
    D:14: 2622 daAuts
 Snake:2: 2414 daAuts
 Snake:1: 2374 daAuts
    D:13: 2298 daAuts
   Orc:1: 1734 daAuts
  Lair:4: 1694 daAuts
  Lair:2: 1433 daAuts
     D:8: 1433 daAuts
  Lair:3: 1374 daAuts
     D:5: 1344 daAuts
    D:15: 1288 daAuts
   Orc:2: 1275 daAuts
    D:10: 1227 daAuts
